 Dungeon Crawl Stone Soup version 0.21-a0-529-g8c7b3f5 (webtiles) character file.

37072 Amnesiac the Devastator (level 13, -1/78 HPs)
             Began as a Deep Elf Wizard on Dec 10, 2017.
             Was a High Priest of Sif Muna.
             Killed by divine providence
             ... invoked by a meliai
              (13 damage)
             ... on level 14 of the Dungeon.
             The game lasted 01:02:02 (18585 turns).

Amnesiac the Devastator (Deep Elf Wizard)          Turns: 18585, Time: 01:02:03

Health: -1/78      AC: 20    Str:  4    XL:     13   Next: 56%
Magic:  21/45      EV: 17    Int: 32    God:    Sif Muna [*****.]
Gold:   528        SH:  9    Dex: 13    Spells: 11/41 levels left

rFire    . . .     SeeInvis .   a - +3 sling "Punk" {acid, rCorr}
rCold    . . .     Gourm    +   J - +0 buckler
rNeg     . . .     Faith    .   r - +3 robe of Clouds {+Fly rElec}
rPois    .         Spirit   .   q - +2 helmet {Int+3}
rElec    +         Reflect  .   Q - +2 cloak
rCorr    +         Harm     .   D - +0 pair of gloves
MR       +....                  k - +0 pair of boots
Stlth    ++........             e - amulet of the gourmand
HPRegen  0.23/turn              K - ring of magical power
MPRegen  0.29/turn              v - +5 ring of protection

@: lethally poisoned (-1 -> -8), divine energy
A: large bone plates 1, molten scales 1, high mp 1, electricity resistance, no
potion heal 1
a: Stop Divine Energy, Channel Magic, Forget Spell, Renounce Religion, Evoke
Flight


You were on level 14 of the Dungeon.
You worshipped Sif Muna.
Sif Muna was extremely pleased with you.
You were full.

You visited 2 branches of the dungeon, and saw 15 of its levels.
You also visited: Labyrinth.

You collected 831 gold pieces.
You spent 303 gold pieces at shops.

Inventory:

Hand Weapons
 a - the +3 sling "Punk" (weapon) {acid, rCorr}
   (You found it in a labyrinth)

   It protects you from acid and corrosion.
 b - the +6 broad axe of Suonegha {venom, Int+3 SInv}
   (You found it in a labyrinth)

   It poisons the flesh of those it strikes.
   It affects your intelligence (+3).
   It lets you see invisible.
 V - a +0 blowgun
Missiles
 p - 502 stones
 t - 2 throwing nets
 F - 46 sling bullets (quivered)
 G - 106 poisoned needles
Armour
 k - a +0 pair of boots (worn)
 q - a +2 helmet of intelligence (worn)
 r - the +3 robe of Clouds (worn) {+Fly rElec}
   (You found it on level 14 of the Dungeon)

   It insulates you from electricity.
   It lets you fly.
 D - a +0 pair of gloves (worn)
 J - a +0 buckler (worn)
 Q - a +2 cloak (worn)
Jewellery
 c - an uncursed ring of resist corrosion
 e - an amulet of the gourmand (around neck)
 v - a +5 ring of protection (right hand)
 K - a ring of magical power (left hand)
 Z - an uncursed ring of fire
Wands
 x - a wand of flame (38)
 B - a wand of polymorph (27)
 I - a wand of iceblast (11)
 M - a wand of acid (31)
 P - a wand of random effects (40)
 U - a wand of digging (16)
 W - a wand of paralysis (9)
 X - a wand of disintegration (12)
Scrolls
 l - a scroll of blinking {!r}
 o - 3 scrolls of teleportation {!r}
 u - a scroll of fear {!r}
 y - a scroll of immolation {!r}
 A - 2 scrolls of fog {!r}
 C - a scroll of acquirement {!r, unknown}
 L - 3 scrolls of amnesia {!r}
 N - 2 scrolls of remove curse {!r}
 S - 7 scrolls of identify {!r}
 T - a scroll of enchant armour {!r}
Potions
 f - 4 potions of agility {!q}
 h - 7 potions of curing {!q}
 i - 7 potions of heal wounds {!q}
 m - 4 potions of haste {!q}
 n - a potion of lignification {!q}
 E - 4 potions of invisibility {!q}
Books
 j - a book of Debilitation

   Spells                             Type                      Level
   a - Corona                         Hexes                        1
   b - Slow                           Hexes                        2
   c - Inner Flame                    Hexes/Fire                   3
   d - Portal Projectile              Hexes/Translocation          3
   e - Cause Fear                     Hexes                        4
   f - Leda's Liquefaction            Hexes/Earth                  4
 w - a book of Frost

   Spells                             Type                      Level
   a - Freeze                         Ice                          1
   b - Throw Frost                    Conjuration/Ice              2
   c - Ozocubu's Armour               Charms/Ice                   3
   d - Throw Icicle                   Conjuration/Ice              4
   e - Summon Ice Beast               Ice/Summoning                4
Comestibles
 d - 14 bread rations
 g - 15 fruits
 s - 7 meat rations
 z - 5 royal jellies


   Skills:
 + Level 7.7 Fighting
 - Level 9.0 Dodging
 - Level 2.4 Stealth
 - Level 4.1 Shields
 + Level 14.7 Spellcasting
 * Level 15.4 Conjurations
 - Level 1.1 Summonings
 - Level 1.1 Translocations
 - Level 8.0 Invocations


You had 11 spell levels left.
You knew the following spells:

 Your Spells              Type           Power        Failure   Level  Hunger
a - Bolt of Draining      Conj/Necr      ######....   2%          5    None
b - Blink                 Tloc           N/A          1%          2    None
c - Magic Dart            Conj           ####         0%          1    None
d - Lightning Bolt        Conj/Air       ######....   2%          5    None
e - Mephitic Cloud        Conj/Pois/Air  ######..     1%          3    None
f - Passage of Golubria   Tloc           N/A          12%         4    None
g - Dispel Undead         Necr           ###.....     45%         5    None
s - Conjure Flame         Conj/Fire      ######..     1%          3    None
v - Call Imp              Summ           ####....     1%          2    None


Dungeon Overview and Level Annotations

Branches:
Dungeon (14/15)            Temple (1/1) D:5            Lair (0/6) D:11
    Orc (0/2) D:9          Vaults (0/5) D:14

Altars:
Ashenzari
Cheibriados
Dithmenos
Elyvilon
Fedhas
Gozag
Hepliaklqana
Kikubaaqudgha
Makhleb
Nemelex Xobeh
Okawaru
Qazlal
Ru
Sif Muna
Trog
Uskayaw
Vehumet
Wu Jian
Xom
Yredelemnul
Zin
The Shining One
Beogh

Shops:
D:5 [   D:6 ?   D:8 =

Annotations:
D:5 2 transporters


Innate Abilities, Weirdness & Mutations

You are partially covered in large bone plates. (SH +4)
You are partially covered in molten scales. (AC +2)
You have an increased reservoir of magic. (+10% MP)
You are resistant to electric shocks. (rElec)
Potions are less effective at restoring your health.


Message History

a giant club x2; a two-headed ogre corpse
There is an open door here.
There is an open door here.
Found a stone staircase leading up.
There is an open door here.
A meliai comes into view. It is wielding a hand axe.
The meliai buzzes angrily. 2 meliai come into view.
Casting: Bolt of Draining
Confirm with . or Enter, or press ? or * to list all spells.
Aiming: Bolt of Draining
Press: ? - help, Shift-Dir - straight line, f - meliai
Aim: a meliai, wielding a hand axe and wearing a robe (rain)
The bolt of negative energy misses the meliai.
The meliai buzzes angrily. x2
The meliai invokes the aid of its god against you.
Something smites you!
The meliai invokes the aid of its god against you.
Something smites you! The meliai closely misses you. The meliai misses you.
Casting: Bolt of Draining
Confirm with . or Enter, or press ? or * to list all spells.
Aiming: Bolt of Draining
Press: ? - help, Shift-Dir - straight line, f/p - meliai
Aim: a meliai, wielding a hand axe and wearing a robe The bolt of negative energy hits the meliai.
The meliai is drained!
You kill the meliai!
Sif Muna accepts your kill.
Casting: Bolt of Draining
Confirm with . or Enter, or press ? or * to list all spells.
Aiming: Bolt of Draining
Press: ? - help, Shift-Dir - straight line, f - meliai
Aim: a meliai, wielding a hand axe and wearing a leather armour The bolt of negative energy misses the meliai.
The meliai calls down the wrath of its god upon you.
Something smites you!
Casting: Bolt of Draining
Confirm with . or Enter, or press ? or * to list all spells.
Aiming: Bolt of Draining
Press: ? - help, Shift-Dir - straight line, f/p - meliai
Aim: a meliai, wielding a hand axe and wearing a leather armour The bolt of negative energy misses the meliai.
The meliai hits you with a hand axe!
* * * LOW HITPOINT WARNING * * *
The meliai stings you.
* * * LOW HITPOINT WARNING * * *
You are poisoned.
The meliai poisons you!
The meliai mumbles some strange prayers to its god against you.
Something smites you!
* * * LOW HITPOINT WARNING * * *
Casting: Bolt of Draining
Confirm with . or Enter, or press ? or * to list all spells.
Aiming: Bolt of Draining
Press: ? - help, Shift-Dir - straight line, f/p - meliai
Aim: a meliai, wielding a hand axe and wearing a leather armour (thin mist)
The bolt of negative energy misses the meliai.
You feel sick.
The meliai mumbles some strange prayers to its god against you.
Something smites you!
* * * LOW HITPOINT WARNING * * *
The meliai calls down the wrath of its god upon you.
Something smites you!
You die...

###################
..####...§........≈.....
......y.§...............
.....§y@.§.........#####
...................# #
......§............# #
...................# #
...................# #
#.......########...#####
#.......#......#........
#.......#......####.....
#.....##........#....#


You could see 2 meliai.

Vanquished Creatures
  A minotaur (Lab)
  2 vault guards (D:14)
  3 hydras
  A centaur warrior (D:14)
  5 two-headed ogres
  2 tengu warriors (D:13)
  An orc high priest (D:12)
  A deep elf knight (D:14)
  2 unseen horrors
  A swamp dragon (shapeshifter) (D:13)
  2 wizards (D:14)
  Pikel (D:6)
  A deep elf archer (D:14)
  An orc sorcerer (D:12)
  4 deep elf magi
  A necromancer (D:14)
  2 ugly things (D:11)
  3 manticores
  2 cyclopes (D:11)
  A centaur zombie (D:13)
  Psyche (D:8)
  A gargoyle (D:10)
  A polar bear (shapeshifter) (D:14)
  2 trolls
  A meliai (D:14)
  Grinder (D:5)
  A hornet (D:13)
  5 hippogriffs
  A spriggan (D:7)
  3 wraiths
  2 shadows
  A vampire (D:11)
  18 humans (D:14)
  13 yaks
  3 wyverns
  4 hungry ghosts
  Menkaure (D:6)
  3 acid dragons
  A soldier ant (D:13)
  2 water moccasins
  2 necrophages
  2 ice beasts
  8 orc warriors
  10 ogres
  5 sky beasts
  A phantom (D:4)
  5 centaurs
  2 eyes of draining
  2 wolves (D:11)
  A crocodile (D:10)
  A big kobold (D:9)
  An elf zombie (D:7)
  8 bullfrogs
  A wyvern zombie (D:7)
  2 scorpions
  17 killer bees
  5 wights
  4 howler monkeys
  2 electric eels (D:11)
  5 crimson imps
  A bullfrog zombie (D:13)
  2 human zombies (D:7)
  5 jellies
  2 quasits (D:10)
  9 hounds
  8 orc priests
  3 bullfrog skeletons
  19 orc wizards
  4 centaur skeletons
  6 iguanas
  2 human skeletons (D:7)
  10 worker ants
  9 ogre zombies
  2 mummies (D:7)
  Robin (D:4)
  2 worker ant zombies
  11 gnolls
  6 adders
  5 shadow imps
  2 oozes
  An adder zombie (D:8)
  An adder skeleton (D:4)
  A worm (D:4)
  3 leopard geckos
  51 orcs
  A ball python (D:5)
  2 giant cockroaches
  13 goblins
  11 hobgoblins
  29 jackals
  18 kobolds
  6 quokkas
  7 bats
  A frilled lizard (D:2)
  3 goblin zombies (D:9)
  2 hobgoblin skeletons (D:9)
  3 hobgoblin zombies (D:9)
  A leopard gecko skeleton (D:7)
  4 orc skeletons
  14 orc zombies (D:9)
  7 rats
  A spectral orc (D:5)
475 creatures vanquished.

Vanquished Creatures (collateral kills)
  A gargoyle (D:10)
  An adder (D:5)
2 creatures vanquished.

Vanquished Creatures (others)
  2 hounds (D:6)
  A worker ant (D:12)
  An adder zombie (D:6)
4 creatures vanquished.

Grand Total: 481 creatures vanquished

Notes
Turn   | Place    | Note
-------+----------+-------------------------------------------
     0 | D:1      | Amnesiac the Deep Elf Wizard began the quest for the Orb.
     0 | D:1      | Reached XP level 1. HP: 10/10 MP: 7/7
   427 | D:1      | Reached skill level 1 in Fighting
   445 | D:1      | Reached XP level 2. HP: 16/16 MP: 2/9
  1248 | D:1      | Reached XP level 3. HP: 19/21 MP: 9/11
  1822 | D:2      | Reached XP level 4. HP: 24/27 MP: 3/12
  2445 | D:3      | Found a glowing silver altar of Zin.
  2519 | D:2      | Learned a level 2 spell: Blink
  2522 | D:2      | Learned a level 2 spell: Call Imp
  2526 | D:2      | Learned a level 3 spell: Conjure Flame
  2530 | D:2      | Learned a level 3 spell: Mephitic Cloud
  3282 | D:4      | Reached skill level 5 in Spellcasting
  3282 | D:4      | Reached XP level 5. HP: 32/32 MP: 4/14
  3366 | D:4      | Found a stormy altar of Qazlal.
  3418 | D:4      | Noticed Robin
  3524 | D:4      | Killed Robin
  3532 | D:4      | Got a smoking helmet
  3542 | D:4      | Identified the +0 helmet of the Sun {rPois} (You took it off Robin on level 4 of the Dungeon)
  4058 | D:4      | Noticed a phantom
  4113 | D:4      | Killed a phantom
  4113 | D:4      | Reached skill level 2 in Conjurations
  4113 | D:4      | Reached XP level 6. HP: 11/38 MP: 3/15
  4458 | D:5      | Entered Level 5 of the Dungeon
  4461 | D:5      | Found a basalt altar of Yredelemnul.
  4545 | D:5      | Found a transporter.
  4758 | D:5      | Noticed Grinder
  4834 | D:5      | Paralysed by Grinder for 2 turns
  5156 | D:5      | Found Omontush's Antique Armour Boutique.
  5277 | D:5      | Learned a level 1 spell: Magic Dart
  5585 | D:5      | Gained mutation: You are weak. (Str -2) [potion of mutation]
  5585 | D:5      | Lost mutation: You are weak. (Str -2) [potion of mutation]
  5598 | D:5      | Paralysed by Grinder for 5 turns
  5610 | D:5      | Paralysed by Grinder for 2 turns
  5616 | D:5      | Paralysed by Grinder for 4 turns
  5636 | D:5      | Killed Grinder
  5636 | D:5      | Reached skill level 3 in Conjurations
  5636 | D:5      | Reached XP level 7. HP: 30/44 MP: 0/16
  5810 | D:5      | Reached skill level 5 in Fighting
  5917 | D:5      | Found a staircase to the Ecumenical Temple.
  5940 | Temple   | Entered the Ecumenical Temple
  6197 | D:5      | Reached skill level 5 in Dodging
  6446 | D:5      | Found a transporter.
  6448 | D:5      | Noticed a fire bat
  6449 | D:5      | Noticed a fire bat
  6455 | D:6      | Noticed Menkaure
  6570 | D:6      | Killed Menkaure
  6570 | D:6      | Reached skill level 4 in Conjurations
  6756 | D:6      | Found a hazy altar of Hepliaklqana.
  6825 | D:6      | Found Tuopp's Magic Scroll Shoppe.
  6839 | D:6      | Reached XP level 8. HP: 51/51 MP: 10/17
  6845 | D:6      | Bought a scroll of remove curse for 33 gold pieces
  7117 | D:6      | Noticed Pikel
  7152 | D:6      | Killed Pikel
  7152 | D:6      | Reached skill level 5 in Conjurations
  7241 | D:6      | Found an iron altar of Okawaru.
  7331 | D:6      | Found a deep blue altar of Sif Muna.
  7799 | D:6      | Became a worshipper of Sif Muna the Loreminder
  7963 | D:6      | Reached XP level 9. HP: 48/57 MP: 5/19
  7994 | D:6      | Reached skill level 6 in Conjurations
  8517 | D:7      | Reached skill level 7 in Conjurations
  8550 | D:7      | Reached * piety under Sif Muna
  8748 | D:7      | Reached skill level 8 in Conjurations
  8999 | D:7      | Found a basalt altar of Yredelemnul.
  9246 | D:8      | Noticed Psyche
  9369 | D:8      | Reached ** piety under Sif Muna
  9410 | D:8      | Killed Psyche
  9410 | D:8      | Reached skill level 9 in Conjurations
  9499 | D:8      | Got a fine ring mail
  9699 | D:8      | Noticed a two-headed ogre
  9740 | D:8      | Killed a two-headed ogre
  9740 | D:8      | Reached skill level 10 in Conjurations
  9740 | D:8      | Reached XP level 10. HP: 63/63 MP: 0/24
  9837 | D:8      | Got a crude quarterstaff
  9840 | D:8      | Found Nimomotifri's Jewellery Shop.
 10439 | D:5      | Bought a glowing cloak for 232 gold pieces
 10534 | D:6      | Bought a scroll of magic mapping for 38 gold pieces
 10541 | D:6      | Identified the cursed +0 quarterstaff "Tisiluph" {crush, rC++} (You found it on level 8 of the Dungeon)
 10555 | D:6      | Identified the +4 ring mail of the Moon {Int+4} (You found it on level 8 of the Dungeon)
 10664 | D:9      | Reached *** piety under Sif Muna
 10772 | D:9      | Found a staircase to the Orcish Mines.
 10860 | D:9      | Reached skill level 11 in Conjurations
 10860 | D:9      | Reached skill level 1 in Invocations
 11187 | D:9      | Found a sacrificial altar of Ru.
 11316 | D:9      | Reached skill level 10 in Spellcasting
 11513 | D:9      | Found a blossoming altar of Fedhas.
 11791 | D:10     | Entered Level 10 of the Dungeon
 11929 | D:10     | Reached **** piety under Sif Muna
 12019 | D:10     | Noticed a two-headed ogre
 12029 | D:10     | Killed a two-headed ogre
 12029 | D:10     | Reached skill level 12 in Conjurations
 12029 | D:10     | Reached XP level 11. HP: 67/67 MP: 23/27
 12662 | D:10     | Gained mutation: Your magical capacity is low. (-10% MP) [mutagenic meat]
 12663 | D:10     | Gained mutation: You passively map a small area around you. [mutagenic meat]
 12664 | D:10     | Gained mutation: You have a pair of small antennae on your head. [mutagenic meat]
 12665 | D:10     | Gained mutation: You are partially covered in large bone plates. (SH +4) [mutagenic meat]
 12803 | D:10     | Lost mutation: You passively map a small area around you. [potion of mutation]
 12803 | D:10     | Lost mutation: Your magical capacity is low. (-10% MP) [potion of mutation]
 12803 | D:10     | Gained mutation: You have large cloven feet. [potion of mutation]
 12803 | D:10     | Gained mutation: Your spells are a little harder to cast, but a little more powerful. [potion of mutation]
 13252 | D:11     | Lost mutation: You have a pair of small antennae on your head. [potion of mutation]
 13252 | D:11     | Lost mutation: You have large cloven feet. [potion of mutation]
 13252 | D:11     | Lost mutation: Your spells are a little harder to cast, but a little more powerful. [potion of mutation]
 13252 | D:11     | Gained mutation: You are resistant to electric shocks. (rElec) [potion of mutation]
 13252 | D:11     | Gained mutation: Potions are less effective at restoring your health. [potion of mutation]
 13252 | D:11     | Gained mutation: You have an increased reservoir of magic. (+10% MP) [potion of mutation]
 13252 | D:11     | Gained mutation: You are partially covered in molten scales. (AC +2) [potion of mutation]
 13696 | D:11     | Noticed a red ugly thing
 13872 | D:11     | Noticed a deep elf mage
 13893 | D:11     | Killed a deep elf mage
 13935 | D:11     | Reached ***** piety under Sif Muna
 13935 | D:11     | Identified Sif Muna's Reference Book on Attacks {god gift} (Sif Muna gifted it to you on level 11 of the Dungeon)
 13935 | D:11     | Received a gift from Sif Muna
 13946 | D:11     | Learned a level 5 spell: Lightning Bolt
 14069 | D:11     | Reached skill level 13 in Conjurations
 14107 | D:11     | Reached skill level 1 in Shields
 14178 | D:11     | Found a staircase to the Lair.
 14188 | D:11     | Noticed a brown ugly thing
 14193 | D:11     | Noticed a two-headed ogre
 14199 | D:11     | Killed a brown ugly thing
 14209 | D:11     | Killed a two-headed ogre
 14438 | D:11     | Killed a red ugly thing
 14460 | D:11     | Reached XP level 12. HP: 22/72 MP: 33/33
 14706 | D:12     | Noticed a two-headed ogre
 14721 | D:12     | Killed a two-headed ogre
 14908 | D:12     | Noticed a six-headed hydra
 14913 | D:12     | Killed a six-headed hydra
 15019 | D:12     | Reached skill level 5 in Invocations
 15412 | D:12     | Noticed a six-headed hydra
 15423 | D:12     | Killed a six-headed hydra
 15458 | D:12     | Found a runed door.
 15740 | D:12     | Noticed an orc high priest
 15774 | D:12     | Killed an orc high priest
 15781 | D:12     | Paralysed by something for 7 turns
 15936 | D:12     | Found a roughly hewn altar of Beogh.
 16453 | D:13     | Noticed a tengu warrior
 16456 | D:13     | Noticed a tengu warrior
 16477 | D:13     | Killed a tengu warrior
 16477 | D:13     | Reached skill level 14 in Conjurations
 16486 | D:13     | Killed a tengu warrior
 16680 | D:13     | Found a labyrinth entrance.
 16691 | Lab      | Entered a labyrinth
 17232 | Lab      | Noticed a minotaur
 17248 | Lab      | Killed a minotaur
 17248 | Lab      | Identified Sif Muna's Almanac of Sinister Secrets {god gift} (Sif Muna gifted it to you in a labyrinth)
 17248 | Lab      | Received a gift from Sif Muna
 17253 | Lab      | Identified the Papyrus of Supportive Venom
 17253 | Lab      | Identified The Second Course in Wizardry
 17254 | Lab      | Found the +3 sling "Punk" {acid, rCorr}
 17265 | Lab      | Got a transparent broad axe
 17266 | Lab      | Identified the +6 broad axe of Suonegha {venom, Int+3 SInv} (You found it in a labyrinth)
 17292 | D:13     | Learned a level 5 spell: Bolt of Draining
 17297 | D:13     | Learned a level 4 spell: Passage of Golubria
 17303 | D:13     | Learned a level 5 spell: Dispel Undead
 17498 | D:14     | Found the +3 robe of Clouds {+Fly rElec}
 17557 | D:14     | Noticed a centaur warrior
 17567 | D:14     | Killed a centaur warrior
 17567 | D:14     | Reached XP level 13. HP: 58/76 MP: 36/36
 17959 | D:14     | Reached skill level 15 in Conjurations
 18386 | D:14     | Found a gate to the Vaults.
 18585 | D:14     | Killed from afar by a meliai

Vault maps used:
D:1:      ncdulo_halloftheorcs
D:2:      first_bread
D:3:      overflow_temple_1_default
D:4:      kennysheep_mini, hangedman_abyss_or_decor_lesser_grid, uniq_robin
D:5:      gammafunk_cloud_chamber, yredelemnul_forgotten_temple_becter,
          minmay_temple_entry_mist, serial_shops, shop, uniq_grinder,
          uniq_crazy_yiuf_cottage
D:6:      okawaru_metal_pillars_1_2, kennysheep_little_box, basic_altar,
          serial_shops, shop_statue, uniq_pikel, uniq_menkaure
D:7:      the_bakery, minmay_strange_pillars, st_stairs_4,
          lemuel_mausoleum_altar_yredelemnul
D:8:      serial_shops, shop, uniq_psyche
D:9:      hangedman_ru_absence, zombieorc2_lemuel, fedhas_altar_1
D:11:     erik_lair_island, st_stairs_13, hex_medium,
          onia_ninara_dug_in_and_dangerous
D:12:     solitary_fountain, lightli_church_of_beogh
D:13:     lab_entry_generic
D:14:     grunt_vaults_entry_tiered, minmay_misc_feat_alley
Temple:   compressed_dpeg_circular_temple

Skill      XL: |  1  2  3  4  5  6  7  8  9 10 11 12 13 |
---------------+----------------------------------------+-----
Fighting       | 1 2 3 4 5 7 |  7.7
Dodging        | 3 4 5 7 8 9 |  9.0
Spellcasting   | 5 8 10 13 14 | 14.7
Conjurations   | 2 3 4 5 10 12 13 14 15 | 15.4
Invocations    | 3 7 8 |  8.0
Shields        | 4 |  4.1
Stealth        | |  2.4
Summonings     | |  1.1
Translocations | |  1.1

Action                   |  1- 3 |  4- 6 |  7- 9 | 10-12 | 13-15 || total
-------------------------+-------+-------+-------+-------+-------++-------
Melee: Unarmed           |    20 |    15 |       |       |       ||    35
       Flail             |       |     5 |       |       |       ||     5
       Rapier            |       |    13 |     1 |       |       ||    14
       Trident           |       |       |       |   702 |       ||   702
       Fustibalus        |       |       |       |     1 |     1 ||     2
       Broad axe         |       |       |       |       |     2 ||     2
 Fire: Hunting sling     |       |   159 |   355 |    52 |       ||   566
       Fustibalus        |       |       |       |    10 |   110 ||   120
 Cast: Magic Dart        |   112 |   135 |   234 |   198 |       ||   679
       Mephitic Cloud    |       |     4 |    25 |    68 |     1 ||    98
       Conjure Flame     |       |     4 |    26 |    70 |       ||   100
       Call Imp          |       |    11 |     1 |    14 |       ||    26
       Blink             |       |     2 |     2 |    13 |       ||    17
       Lightning Bolt    |       |       |       |    61 |       ||    61
       Bolt of Draining  |       |       |       |     6 |    38 ||    44
Invok: Divine Energy     |       |       |     1 |       |       ||     1
Evoke: Wand              |       |       |       |     6 |       ||     6
  Use: Scroll            |       |     9 |     3 |     8 |     1 ||    21
       Potion            |       |     3 |       |     3 |       ||     6
 Stab: Confused          |       |       |       |    22 |       ||    22
       Distracted        |       |       |       |     2 |       ||     2
       Sleeping          |       |       |       |     1 |       ||     1
  Eat: Chunk             |     8 |    15 |    23 |    33 |       ||    79
       Royal jelly       |       |       |       |     1 |       ||     1
Armor: Robe              |    17 |    19 |       |       |       ||    36
       Leather armour    |       |    58 |    92 |   254 |    28 ||   432
       Skin              |       |    16 |       |       |       ||    16
Dodge: Dodged            |    52 |   123 |   144 |   428 |    45 ||   792
Block: Other             |       |       |       |    45 |       ||    45
       Buckler           |       |       |       |    69 |    42 ||   111

Table legend:
 A = Spawn XP
 B = Non-spawn XP
 C = Spawn XP percentage of total XP
 D = Spawn monster count
 E = Non-spawn monster count
 F = Spawn count percentage of total count
 G = Total turns spent on level
                    A         B        C        D         E        F      G
               +---------+---------+-------+---------+---------+-------+---------
         Total |       0 |   52960 |   0.0 |       0 |     477 |   0.0 | 18585
               +---------+---------+-------+---------+---------+-------+---------
           D:1 |       0 |      56 |   0.0 |       0 |      29 |   0.0 |  1634
           D:2 |       0 |      70 |   0.0 |       0 |      25 |   0.0 |   859
           D:3 |       0 |      41 |   0.0 |       0 |       6 |   0.0 |   665
           D:4 |       0 |     298 |   0.0 |       0 |      23 |   0.0 |  1302
           D:5 |       0 |     712 |   0.0 |       0 |      22 |   0.0 |  2123
           D:6 |       0 |    1760 |   0.0 |       0 |      18 |   0.0 |  1645
           D:7 |       0 |    1582 |   0.0 |       0 |      35 |   0.0 |  1142
           D:8 |       0 |    2267 |   0.0 |       0 |      32 |   0.0 |  1120
           D:9 |       0 |    3459 |   0.0 |       0 |      84 |   0.0 |  1381
          D:10 |       0 |    2984 |   0.0 |       0 |      37 |   0.0 |  1538
          D:11 |       0 |    8726 |   0.0 |       0 |      60 |   0.0 |  1184
          D:12 |       0 |    7208 |   0.0 |       0 |      31 |   0.0 |  1510
          D:13 |       0 |    7008 |   0.0 |       0 |      33 |   0.0 |   651
          D:14 |       0 |   15711 |   0.0 |       0 |      41 |   0.0 |  1121
           Lab |       0 |    1078 |   0.0 |       0 |       1 |   0.0 |   588
               +---------+---------+-------+---------+---------+-------+---------
